 Dungeon Crawl Stone Soup version 0.18-a0-1774-gce1f7b6 (webtiles) character file.

509748 dvd the Axe Maniac (level 25, -5/235 HPs)
             Began as a Hill Orc Fighter on Apr 14, 2016.
             Was the Champion of Okawaru.
             Slain by a large slime creature (21 damage)
             ... on level 5 of the Pits of Slime on Apr 17, 2016.
             The game lasted 03:59:45 (51906 turns).

dvd the Axe Maniac (Hill Orc Fighter)              Turns: 51906, Time: 03:59:48

Health: -5/235     AC: 37    Str: 26    XL:     25   Next: 7%
Magic:  26/26      EV: 16    Int:  0    God:    Okawaru [******]
Gold:   5904       SH: 30    Dex: 16    Spells: 0 memorised, 24 levels left

rFire  + . .     SeeInvis +     a - +8 broad axe (elec)
rCold  + . .     Gourm    .     t - +14 plate armour "Feuzxi" {rElec rC+ rN+}
rNeg   + + +     Faith    .     c - +6 large shield of Ignorance {rN+ AC+2 EV+2 Int-6 *Curse}
rPois  +         Spirit   .     F - +2 hat {SInv}
rElec  +         Dismiss  .     x - +2 cloak {rPois}
rCorr  +         Reflect  .     y - +2 pair of gloves {Dex+3}
SustAt .         Harm     .     K - +2 pair of boots {run}
MR     +++++     Clarity  +     v - amulet of the Four Winds {rN+ MR+++ Clar}
Stlth  ..........               A - ring of resist corrosion
                                l - ring "Xeev" {*Confuse rElec rF+ MR+ EV+2}

@: corroded, slowed, lost intelligence, very slow, almost entirely resistant to
hostile enchantments, extremely unstealthy
A: molten scales 1, berserk 1, dopey 1, magic resistance 1, screaming 2, weak 1,
evolution 2, MP-powered wands
a: Heroism, Finesse, Renounce Religion
}: 3/15 runes: barnacled, silver, gossamer


You were on level 5 of the Pits of Slime.
You worshipped Okawaru.
Okawaru was exalted by your worship.
You were full.

You visited 9 branches of the dungeon, and saw 47 of its levels.
You visited 1 bazaar.
You also visited: Ice Cave, Volcano and Wizlab.

You collected 6789 gold pieces.
You spent 885 gold pieces at shops.

Inventory:

Hand Weapons
 a - a +8 broad axe of electrocution (weapon)
 b - the +6 morningstar of Jeor Nua {holy, *Confuse +Inv rPois rN++}
   (You found it on level 11 of the Dungeon)

   It has been blessed by the Shining One to cause great damage to the undead
   and demons.
   It protects you from poison.
   It greatly protects you from negative energy.
   It lets you turn invisible.
   It may confuse you when you take damage.
 h - a +4 antimagic war axe
 o - the +7 flail of Action {crush, +Blink rPois MR+}
   (You took it off an ironbrand convoker on level 4 of the Vaults)

   It inflicts extra damage upon your enemies.
   It protects you from poison.
   It affects your resistance to hostile enchantments.
   It lets you blink.
 r - a +2 vampiric battleaxe
 D - a +3 broad axe of flaming
Armour
 c - the +6 large shield of Ignorance (worn) {rN+ AC+2 EV+2 Int-6 *Curse}
   (Okawaru gifted it to you on level 5 of the Vaults)

   It affects your AC (+2).
   It affects your evasion (+2).
   It affects your intelligence (-6).
   It protects you from negative energy.
   It may re-curse itself when equipped.
 t - the +14 plate armour "Feuzxi" (worn) {rElec rC+ rN+}
   (You took it off a vault warden on level 4 of the Vaults)

   It protects you from cold.
   It insulates you from electricity.
   It protects you from negative energy.
 x - a +2 cloak of poison resistance (worn)
 y - a +2 pair of gloves of dexterity (worn)
 F - a +2 hat of see invisible (worn)
 K - a +2 pair of boots of running (worn)
 R - the +6 crystal plate armour of the Forest {MR++ Slay+2}
   (Okawaru gifted it to you on level 9 of the Dungeon)

   It affects your accuracy and damage with ranged weapons and melee attacks
   (+2).
   It affects your resistance to hostile enchantments.
 W - a +2 helmet of fire resistance
Jewellery
 j - an uncursed ring of protection from fire
 l - the ring "Xeev" (left hand) {*Confuse rElec rF+ MR+ EV+2}
   (You acquired it on level 5 of the Vaults)

   [ring of evasion]

   It affects your evasion (+2).
   It protects you from fire.
   It insulates you from electricity.
   It affects your resistance to hostile enchantments.
   It may confuse you when you take damage.
 v - the amulet of the Four Winds (around neck) {rN+ MR+++ Clar}
   (You found it on level 2 of the Vaults)

   [amulet of nothing]

   It protects you from negative energy.
   It affects your resistance to hostile enchantments.
   It protects you against confusion.
 A - a ring of resist corrosion (right hand)
 J - an uncursed ring of see invisible
 T - the amulet of the First Cities {rElec Regen+}
   (You found it on level 8 of the Lair of Beasts)

   [amulet of regeneration]

   It insulates you from electricity.
   It increases your rate of regeneration.
 Y - a +5 amulet of reflection
Wands
 m - a wand of lightning (5/15)
 u - a wand of disintegration (13/24)
 E - a wand of hasting (3/9)
 H - a wand of hasting (6/9)
 Q - a wand of digging (13/24)
 V - a wand of teleportation (6/9)
 Z - a wand of lightning (9/15)
Scrolls
 e - 4 scrolls of fog
 g - 41 scrolls of identify
 k - 14 scrolls of teleportation
 n - 3 scrolls of fear
 q - 4 scrolls of magic mapping
 C - 12 scrolls of recharging
 M - 17 scrolls of remove curse
 P - 5 scrolls of blinking
 S - a scroll of holy word
Potions
 d - 8 potions of might
 i - 13 potions of curing
 s - a potion of resistance
 w - 2 potions of haste
 I - 5 potions of heal wounds
 N - a potion of invisibility
 O - 7 potions of agility
 X - 6 potions of flight
Comestibles
 f - 27 bread rations
 p - 21 meat rations
 B - 36 fruits
 L - 18 royal jellies


   Skills:
 + Level 21.1 Fighting
 O Level 27 Axes
 * Level 16.1(21.5) Maces & Flails
 * Level 20.0 Armour
 + Level 8.3 Dodging
 + Level 21.7 Shields
 + Level 4.8 Invocations
 + Level 2.1 Evocations


You had 24 spell levels left.
You didn't know any spells.

Dungeon Overview and Level Annotations

Branches:
Dungeon (15/15)            Temple (1/1) D:7            Lair (8/8) D:8
 Shoals (4/4) Lair:6       Spider (4/4) Lair:6        Slime (5/6) Lair:6
    Orc (2/2) D:12            Elf (3/3) Orc:2        Vaults (5/5) D:13
  Crypt (0/3) Vaults:2     Depths (0/5) D:15

Altars:
Ashenzari
Cheibriados
Dithmenos
Elyvilon
Fedhas
Gozag
Kikubaaqudgha
Makhleb
Nemelex Xobeh
Okawaru
Pakellas
Qazlal
Ru
Sif Muna
Trog
Vehumet
Xom
Yredelemnul
Zin
The Shining One

Shops:
D:4 **   D:6 !   D:12 ([   D:14 :   Orc:2 [*!:   Vaults:5 }

Portals:
Trove: Vaults:1 (give +3 fire dragon armour)


Innate Abilities, Weirdness & Mutations

You are partially covered in molten scales (AC +1).
You tend to lose your temper in combat.
You are dopey. (Int -2)
You are resistant to hostile enchantments.
You sometimes yell uncontrollably at your foes.
You are weak. (Str -2)
You rapidly evolve.
You expend magic power (3 MP) to strengthen your wands.


Message History

The acid blob spits acid at you. The splash of acid hits you! You resist.
* * * LOW HITPOINT WARNING * * *
The acid corrodes you!
The acid burns!
You resist.
* * * LOW HITPOINT WARNING * * *
Two slime creatures merge to form a very large slime creature.
You continue taking off the +6 large shield of Ignorance {rN+ AC+2 EV+2 Int-6 *Curse}.
You block the acid blob's attack.
You block the large slime creature's attack.
You block the death ooze's attack.
The death ooze hits you but does no damage.
The acid blob spits acid at you. The splash of acid hits you! You resist.
* * * LOW HITPOINT WARNING * * *
The acid burns!
You resist.
* * * LOW HITPOINT WARNING * * *
You block the titanic slime creature's attack.
The slime creature hits you but does no damage.
The acid blob closely misses you. The large slime creature hits you!!
You die...

##... ... #
#.... .. .##
##....##.#...#
#.#........#..#
..............##
.............#.#
.......JGJ......
.......J@JJ..#..
#......JJJ......
##......J.......
................
#......<...>....
....#........#..
....##..........
... ..........<
............


You could see 2 acid blobs, a titanic slime creature, a very large slime
creature, a large slime creature, a slime creature, a shining eye, a death ooze
and 2 jellies.

Vanquished Creatures
  Mara (Vaults:5)
  2 ancient liches
  3 golden dragons
  Jorgrun (Spider:3)
  4 tentacled monstrosities (Vaults:5)
  Asterion (Spider:4)
  A quicksilver dragon (Vaults:5)
  5 deep elf blademasters (Elf:3)
  6 acid blobs
  2 sphinxes
  4 deep elf master archers (Elf:3)
  5 titans
  An ancient champion (WizLab)
  Frances (D:12)
  3 krakens
  Polyphemus (Shoals:3)
  2 tengu reavers
  The ghost of SilenceOfTheYaks the Fencer, an adept DsCj of Vehumet (Shoals:1)
  2 shadow dragons (Vaults:5)
  Ilsuiw (Shoals:4)
  An azure jelly (Slime:1)
  10 deep elf sorcerers
  Donald (Vaults:3)
  10 frost giants
  4 fire giants
  13 vault wardens
  6 emperor scorpions (Spider:4)
  3 deep elf elementalists
  3 war gargoyles
  10 stone giants
  7 deep elf demonologists
  5 very ugly things (Vaults:5)
  15 ironheart preservers
  3 large abominations (Vaults:5)
  A yellow draconian (Vaults:4)
  4 dire elephants (Lair:8)
  A salamander stormcaller (Vaults:3)
  4 merfolk javelineers
  A spark wasp (Spider:2)
  15 deep elf annihilators
  5 deep elf death magi
  5 ettins
  13 merfolk impalers
  4 fire dragons
  15 ogre magi
  Fannar (D:12)
  11 yaktaur captains
  4 deep elf high priests
  3 great orbs of eyes
  38 vault guards
  3 entropy weavers
  13 hydras
  2 ice dragons
  An anaconda (Lair:8)
  3 merfolk aquamancers
  2 merfolk avatars
  2 rakshasas (Vaults:2)
  9 centaur warriors
  2 catoblepae
  3 satyrs
  An alligator snapping turtle (Shoals:4)
  2 death yaks (Shoals:3)
  The ghost of M4edhros the Blocker, a journeyman OpNe of Cheibriados (D:13)
  37 dancing weapons
  A deep troll shaman (Vaults:3)
  Nergalle (D:12)
  4 orc high priests (Orc:2)
  A storm dragon zombie (Vaults:5)
  27 deep elf knights
  2 vampire magi
  A small abomination (Vaults:5)
  A fire crab (Vaults:1)
  A salamander mystic (Vaults:3)
  A storm dragon skeleton (Vaults:5)
  18 skeletal warriors
  A shadow wraith (Vaults:4)
  2 flayed ghosts
  12 deep trolls
  22 deep elf archers
  6 unseen horrors
  18 sea snakes
  Pikel (D:7)
  3 giant orange brains
  2 phantasmal warriors (Vaults:5)
  19 ironbrand convokers
  2 hill giants
  18 orc knights
  23 orb spiders
  A shadow dragon zombie (Vaults:5)
  A stone giant zombie (Vaults:5)
  29 wolf spiders
  A wolf spider (shapeshifter) (Vaults:5)
  3 wolf spider zombies
  42 harpies
  3 fauns (Shoals:4)
  5 necromancers
  A fire giant zombie (Vaults:5)
  21 ugly things
  A shadow dragon skeleton (Vaults:3)
  5 cyclopes
  4 hornets
  10 orc sorcerers
  A manticore (shapeshifter) (Vaults:5)
  12 griffons
  A hornet (shapeshifter) (Vaults:4)
  75 deep elf magi
  10 manticores
  11 sirens
  3 salamanders (Vaults:3)
  A fire giant skeleton (Vaults:5)
  3 ice statues (IceCv)
  4 moths of wrath
  6 water nymphs
  2 torpor snails (Spider:4)
  9 elephants
  6 black mambas
  2 molten gargoyles (Lair:3)
  4 orange demons (Elf:3)
  13 spiny frogs
  Psyche (D:8)
  17 vault sentinels
  13 komodo dragons
  7 rime drakes
  A kobold demonologist (Vaults:3)
  39 yaktaurs
  3 freezing wraiths
  2 rime drakes (shapeshifter)
  5 demonic crawlers
  2 human skeletons
  44 merfolk
  3 trolls
  A jumping spider (shapeshifter) (Vaults:5)
  A queen bee (Lair:3)
  2 shadow dragon simulacra
  A polar bear (D:11)
  A wind drake (Shoals:4)
  A tengu simulacrum (Vaults:4)
  50 slime creatures
  35 jumping spiders
  29 two-headed ogres
  17 blink frogs
  4 boulder beetles
  A sphinx simulacrum (Vaults:4)
  A snapping turtle (shapeshifter) (Vaults:4)
  Prince Ribbit (D:5)
  A fire giant simulacrum (Vaults:5)
  7 snapping turtles
  25 tarantellas
  5 vampires
  An air elemental (Elf:1)
  An ettin skeleton (Vaults:4)
  64 redbacks
  A spriggan (shapeshifter) (Vaults:1)
  A tarantella (shapeshifter) (Elf:1)
  12 water elementals
  An elf skeleton (Vaults:5)
  A shadow (D:13)
  Grum (D:10)
  50 yaks
  2 wraiths (Vaults:2)
  4 wyverns
  4 hill giant zombies (WizLab)
  2 fire elementals
  3 basilisks
  4 golden eyes (Slime:1)
  23 vampire mosquitoes
  12 hippogriffs
  4 hungry ghosts
  Edmund (D:4)
  7 wargs
  A soldier ant (D:8)
  2 hell hounds (D:8)
  11 water moccasins
  A giant eyeball (Vaults:4)
  13 porcupines
  2 wasps
  20 ice beasts
  5 sky beasts
  2 black bears
  A black bear (shapeshifter) (Vaults:5)
  2 eyes of draining
  41 orc warriors
  4 boggarts (Vaults:3)
  63 ogres
  An elf zombie (Vaults:4)
  5 phantoms
  A necrophage (D:12)
  The ghost of WereVolvo the Poker, an amateur DsGl (D:4)
  36 centaurs
  27 wolves
  12 crocodiles
  2 big kobolds
  13 giant frogs
  A wyvern zombie (D:9)
  6 earth elementals
  3 wyvern skeletons
  10 scorpions
  A scorpion (shapeshifter) (Vaults:5)
  7 troll zombies (WizLab)
  29 killer bees
  A troll skeleton (D:9)
  24 wights
  12 howler monkeys
  2 spriggan skeletons (D:9)
  12 electric eels
  A centaur zombie (D:9)
  6 crimson imps
  A quasit (D:7)
  A wyvern simulacrum (D:11)
  9 lava snakes
  18 orc priests
  8 giant frog skeletons
  A giant frog zombie (D:9)
  18 orc wizards
  7 hounds
  10 centaur skeletons
  17 jellies
  6 iguanas
  7 hell rats (Lair:5)
  7 worker ants
  A boulder beetle simulacrum (Vaults:3)
  29 sheep
  7 ogre zombies (WizLab)
  A hound zombie (D:6)
  A hound skeleton (D:11)
  3 gnolls (D:10)
  A howler monkey skeleton (D:6)
  13 adders
  52 river rats
  A shadow imp (D:10)
  9 white imps (D:11)
  A worker ant simulacrum (D:11)
  2 ufetubi (D:11)
  2 oozes
  An adder skeleton (D:4)
  10 dart slugs
  5 giant geckos
  81 orcs
  2 ball pythons (D:1)
  2 giant cockroaches
  4 goblins
  5 hobgoblins
  3 jackals (D:3)
  3 quokkas
  A ball python (shapeshifter) (Vaults:2)
  A bat (D:1)
  A giant newt (D:1)
  34 kobolds
  7 rats
  13 fungi
  82 plants
  9 tentacles
2218 creatures vanquished.

Vanquished Creatures (others)
  Nikola (Shoals:1)
  3 merfolk javelineers (Shoals:4)
  A centaur warrior (D:14)
  6 deep elf archers
  A griffon (Shoals:1)
  A faun (Shoals:4)
  3 cyclopes
  2 yaktaurs
  A jumping spider (Spider:2)
  A slave (D:7)
  2 centaurs
  A wight (D:15)
  A human simulacrum (Vaults:3)
  An iguana (D:4)
  A dart slug (D:7)
  3 quokkas
  A fulminant prism (Shoals:1)
  6 fungi
  8 plants
  32 tentacles
  1187 tentacle segments
1263 creatures vanquished.

Grand Total: 3481 creatures vanquished

Notes
Turn   | Place    | Note
--------------------------------------------------------------
     0 | D:1      | dvd the Hill Orc Fighter began the quest for the Orb.
     0 | D:1      | Reached XP level 1. HP: 19/19 MP: 1/1
   118 | D:1      | Reached XP level 2. HP: 25/27 MP: 2/2
   653 | D:2      | Found a radiant altar of Vehumet.
   682 | D:2      | Reached skill level 3 in Axes
   691 | D:2      | Found a shattered altar of Ashenzari.
   746 | D:2      | Found a faded altar to an unknown god.
   756 | D:2      | Became a worshipper of Warmaster Okawaru
   756 | D:2      | Reached * piety under Okawaru
  1114 | D:2      | Found a bloodstained altar of Trog.
  1204 | D:2      | Reached XP level 3. HP: 28/33 MP: 3/3
  1674 | D:3      | Reached XP level 4. HP: 32/40 MP: 4/4
  1719 | D:3      | Reached skill level 4 in Axes
  1808 | D:3      | Reached skill level 1 in Dodging
  2048 | D:3      | Reached XP level 5. HP: 47/47 MP: 5/5
  2335 | D:4      | Found Maxkox's General Store.
  2365 | D:4      | Noticed WereVolvo's ghost (amateur DsGl)
  2372 | D:4      | Killed WereVolvo's ghost
  2372 | D:4      | Reached XP level 6. HP: 43/53 MP: 3/6
  2711 | D:4      | Found an oddly glowing altar of Pakellas.
  2727 | D:4      | Noticed Edmund
  2732 | D:4      | Killed Edmund
  2732 | D:4      | Reached ** piety under Okawaru
  2732 | D:4      | Reached skill level 5 in Fighting
  2732 | D:4      | Reached skill level 5 in Axes
  2732 | D:4      | Reached XP level 7. HP: 56/61 MP: 7/7
  2853 | D:4      | Found a shimmering altar of Xom.
  2951 | D:4      | Found Erphaw's Assorted Antiques.
  3062 | D:4      | Bought a glass ring for 90 gold pieces
  3336 | D:5      | Entered Level 5 of the Dungeon
  3366 | D:5      | Found a snail-covered altar of Cheibriados.
  3437 | D:5      | Found a stormy altar of Qazlal.
  3516 | D:5      | Noticed Prince Ribbit
  3526 | D:5      | Killed Prince Ribbit
  3526 | D:5      | Reached skill level 6 in Axes
  3526 | D:5      | Reached skill level 5 in Armour
  3526 | D:5      | Reached skill level 5 in Shields
  3561 | D:5      | Reached XP level 8. HP: 59/69 MP: 8/8
  4273 | D:6      | Found a burning altar of Makhleb.
  4318 | D:6      | Found Befiowno's Distillery.
  4436 | D:6      | Got a dazzling leather armour
  4453 | D:6      | Identified the +3 leather armour of Charity {*Drain MR+ Regen+} (You found it on level 6 of the Dungeon)
  4602 | D:6      | Reached *** piety under Okawaru
  4602 | D:6      | Reached skill level 7 in Axes
  5117 | D:7      | HP: 3/71 [electric eel/bolt of electricity (3)]
  5126 | D:7      | HP: 3/71 [electric eel/bolt of electricity (3)]
  5134 | D:7      | Reached XP level 9. HP: 6/78 MP: 7/9
  5361 | D:7      | Noticed Pikel
  5384 | D:7      | Killed Pikel
  5384 | D:7      | Reached **** piety under Okawaru
  5384 | D:7      | Reached skill level 8 in Axes
  5384 | D:7      | Reached skill level 5 in Dodging
  5384 | D:7      | Reached skill level 1 in Invocations
  5603 | D:7      | Gained mutation: You evolve. [potion of mutation]
  5603 | D:7      | Gained mutation: You occasionally shout uncontrollably at your foes. [potion of mutation]
  5603 | D:7      | Gained mutation: Your muscles are strong. (Str +2) [potion of mutation]
  5612 | D:7      | Found a blossoming altar of Fedhas.
  5612 | D:7      | Found an ancient bone altar of Kikubaaqudgha.
  5752 | D:7      | Found a staircase to the Ecumenical Temple.
  5761 | Temple   | Entered the Ecumenical Temple
  5963 | D:7      | Found a shadowy altar of Dithmenos.
  6258 | D:8      | Found a staircase to the Lair.
  6286 | D:8      | Reached XP level 10. HP: 47/86 MP: 11/11
  6294 | D:8      | Lost mutation: Your muscles are strong. (Str +2) [evolution]
  6413 | D:8      | Noticed a purple ugly thing
  6426 | D:8      | Killed a purple ugly thing
  6426 | D:8      | Reached ***** piety under Okawaru
  6426 | D:8      | Reached skill level 9 in Axes
  6447 | D:8      | Noticed a four-headed hydra
  6628 | D:8      | Found a glowing golden altar of the Shining One.
  6630 | D:8      | Noticed an angel
  6645 | D:8      | Found a basalt altar of Yredelemnul.
  6645 | D:8      | Noticed Psyche
  6649 | D:8      | Noticed a profane servitor
  6651 | D:8      | Killed Psyche
  6651 | D:8      | Reached skill level 1 in Maces & Flails
  6692 | D:8      | Found a white marble altar of Elyvilon.
  6693 | D:8      | Found a deep blue altar of Sif Muna.
  6704 | D:8      | Got a twisted ring mail
  6727 | D:8      | Identified the +5 ring mail of Death Resistance {rN+ Dex+4 Stlth+} (You found it on level 8 of the Dungeon)
  6810 | D:8      | Noticed a four-headed hydra
  6821 | D:8      | Killed a six-headed hydra
  7127 | D:4      | Bought a +1 pair of boots of running for 438 gold pieces
  7310 | D:8      | Killed a four-headed hydra
  7310 | D:8      | Reached XP level 11. HP: 52/97 MP: 10/12
  7523 | D:8      | Reached skill level 10 in Axes
  8020 | D:9      | Reached ****** piety under Okawaru
  8144 | D:9      | Received a gift from Okawaru
  8154 | D:9      | Got an ancient crystal plate armour {god gift}
  8172 | D:9      | Identified the +6 crystal plate armour of the Forest {MR++ Slay+2} (Okawaru gifted it to you on level 9 of the Dungeon)
  9201 | D:10     | Entered Level 10 of the Dungeon
  9211 | D:10     | Noticed a cyclops
  9222 | D:10     | Killed a cyclops
  9423 | D:10     | Gained mutation: You rapidly evolve. [evolution]
  9430 | D:10     | Noticed Grum
  9441 | D:10     | Killed Grum
  9445 | D:10     | Reached skill level 11 in Axes
  9818 | D:11     | Reached skill level 10 in Fighting
  9902 | D:11     | Got a faintly glowing leather armour
  9923 | D:11     | Reached skill level 10 in Shields
  9967 | D:11     | Noticed a hill giant
  9972 | D:11     | Killed a hill giant
  9972 | D:11     | Reached XP level 12. HP: 82/106 MP: 13/13
 10092 | D:11     | Received a gift from Okawaru
 10105 | D:11     | Reached skill level 12 in Axes
 10118 | D:11     | Got a crystal morningstar
 10129 | D:11     | Identified the +6 morningstar of Jeor Nua {holy, *Confuse +Inv rPois rN++} (You found it on level 11 of the Dungeon)
 10161 | D:11     | Identified the +1 leather armour "Kubaulla" {rElec} (You found it on level 11 of the Dungeon)
 10324 | D:11     | Found a flickering gateway to a bazaar.
 10333 | Bazaar   | Entered a bazaar
 10334 | Bazaar   | Found Tarisur's Book Emporium.
 10336 | Bazaar   | Found Uqeubu's Book Shop.
 10374 | Bazaar   | Found Safupum's Jewellery Shoppe.
 10382 | Bazaar   | Found Bomeha's Food Boutique.
 10469 | Bazaar   | Bought a +5 amulet of reflection for 275 gold pieces
 10649 | D:12     | Noticed Frances
 10659 | D:12     | Killed Frances
 10678 | D:12     | Noticed Fannar
 10695 | D:12     | Killed Fannar
 10734 | D:12     | Noticed Nergalle
 10761 | D:12     | Gained mutation: You regenerate slowly when monsters are visible. [evolution]
 10778 | D:12     | Killed Nergalle
 10839 | D:12     | Reached skill level 13 in Axes
 10841 | D:12     | Found Ixaegumo's Weapon Shoppe.
 11106 | D:12     | Found a staircase to the Orcish Mines.
 11108 | D:12     | Found Joavaawn's Armour Shoppe.
 11420 | Orc:1    | Entered Level 1 of the Orcish Mines
 11420 | Orc:1    | Found a frozen archway.
 11501 | IceCv    | Entered an ice cave
 11962 | Orc:1    | Reached XP level 13. HP: 105/116 MP: 15/15
 12139 | Orc:2    | Entered Level 2 of the Orcish Mines
 12160 | Orc:2    | Found a staircase to the Elven Halls.
 12207 | Orc:2    | Reached skill level 5 in Maces & Flails
 12215 | Orc:2    | Reached skill level 10 in Armour
 12294 | Orc:2    | Found a dark tunnel.
 12374 | Volcano  | Entered a volcano
 12567 | Volcano  | Received a gift from Okawaru
 12568 | Volcano  | Got a topaz-encrusted pearl dragon armour {god gift}
 12616 | Volcano  | Identified the +7 pearl dragon armour "Zugeninu" {+Inv rN+ Int+3} (Okawaru gifted it to you in a volcano)
 12687 | Volcano  | Found a radiant altar of Vehumet.
 13055 | Orc:2    | Found Xeleqaysh's Book Shop.
 13081 | Orc:2    | Reached skill level 14 in Axes
 13092 | Orc:2    | Found Ciniet's Antique Armour Shop.
 13646 | Orc:2    | Found Kucuucwi's General Store.
 13652 | Orc:2    | Found Doisseul's Distillery.
 13674 | Orc:2    | Bought a scroll of enchant armour for 82 gold pieces
 14001 | Lair:1   | Entered Level 1 of the Lair of Beasts
 14454 | Lair:1   | Received a gift from Okawaru
 15182 | Lair:2   | Reached XP level 14. HP: 93/127 MP: 16/16
 16267 | Lair:3   | Received a gift from Okawaru
 16988 | Lair:3   | Lost mutation: You occasionally shout uncontrollably at your foes. [evolution]
 18462 | Lair:5   | Reached skill level 15 in Axes
 18982 | Lair:6   | Found a staircase to the Slime Pits.
 19101 | Lair:6   | Found a staircase to the Shoals.
 19293 | Lair:6   | Found a hole to the Spider Nest.
 19756 | Lair:7   | Reached XP level 15. HP: 113/135 MP: 17/17
 20017 | Lair:7   | Received a gift from Okawaru
 20549 | Lair:8   | Entered Level 8 of the Lair of Beasts
 21785 | Lair:8   | Received a gift from Okawaru
 21789 | Lair:8   | Reached skill level 16 in Axes
 21837 | Lair:8   | Got a smoking bone amulet
 21841 | Lair:8   | Identified the amulet of the First Cities {rElec Regen+} (You found it on level 8 of the Lair of Beasts)
 21969 | Shoals:1 | Entered Level 1 of the Shoals
 21969 | Shoals:1 | Noticed SilenceOfTheYaks's ghost (adept DsCj)
 22355 | Shoals:1 | Killed SilenceOfTheYaks's ghost
 22400 | Shoals:1 | Noticed Nikola
 22429 | Shoals:1 | Killed Nikola
 22468 | Shoals:1 | Gained mutation: You expend magic power (3 MP) to strengthen your wands. [evolution]
 23145 | Shoals:2 | Reached XP level 16. HP: 145/145 MP: 18/18
 23182 | Shoals:2 | Received a gift from Okawaru
 23186 | Shoals:2 | Got a steaming mace {god gift}
 23187 | Shoals:2 | Identified the +3 mace of the Jolly Dances {freeze, *Corrode rElec Int+7} (Okawaru gifted it to you on level 2 of the Shoals)
 23266 | Shoals:2 | Reached skill level 17 in Axes
 23481 | Shoals:2 | Noticed a kraken
 23501 | Shoals:2 | Killed a kraken
 23715 | Shoals:2 | Noticed a kraken
 24055 | Shoals:2 | Killed a kraken
 24055 | Shoals:2 | Reached skill level 15 in Shields
 24700 | Shoals:3 | Received a gift from Okawaru
 24809 | Shoals:3 | Reached skill level 1 in Evocations
 24881 | Shoals:3 | Noticed Polyphemus
 24902 | Shoals:3 | Killed Polyphemus
 25082 | Shoals:3 | Reached skill level 18 in Axes
 25139 | Shoals:4 | Entered Level 4 of the Shoals
 25152 | Shoals:4 | Reached XP level 17. HP: 147/154 MP: 19/19
 25157 | Shoals:4 | Noticed Ilsuiw
 25173 | Shoals:4 | Reached skill level 15 in Fighting
 25177 | Shoals:4 | Killed Ilsuiw
 25825 | Shoals:4 | Got a shimmering chain mail
 25836 | Shoals:4 | Identified the cursed +0 chain mail of the Boiling Point {Str+2 Int+4 Dex+7} (You took it off a merfolk on level 4 of the Shoals)
 25892 | Shoals:4 | Identified a scroll of acquirement
 26078 | Shoals:4 | Gained mutation: You have a somewhat thin skeletal structure (Dex +2, Stealth). [evolution]
 26204 | Shoals:4 | Noticed a kraken
 26573 | Shoals:4 | Reached skill level 15 in Armour
 26775 | Shoals:4 | Killed a kraken
 26783 | Shoals:4 | Received a gift from Okawaru
 27172 | Shoals:4 | Got a barnacled rune of Zot
 27355 | Shoals:4 | Upgraded the game from 0.18-a0-1773-gec4f98e to 0.18-a0-1774-gce1f7b6
 27749 | D:13     | Got a smoking scale mail
 27760 | D:13     | Identified the cursed +0 scale mail "Qeuto" {rF+ Int+3} (You found it on level 13 of the Dungeon)
 27846 | D:13     | Found a gate to the Vaults.
 27863 | D:13     | Noticed M4edhros's ghost (journeyman OpNe)
 27875 | D:13     | Killed M4edhros's ghost
 28721 | D:14     | Found a white marble altar of Elyvilon.
 28912 | D:14     | Found Leqyowaatt's Book Emporium.
 29066 | D:14     | Received a gift from Okawaru
 29387 | D:15     | Entered Level 15 of the Dungeon
 29440 | D:15     | Reached XP level 18. HP: 135/166 MP: 20/20
 29456 | D:15     | Reached skill level 19 in Axes
 30219 | D:15     | Found a staircase to the Depths.
 30509 | Vaults:1 | Entered Level 1 of the Vaults
 31226 | Vaults:1 | Gained mutation: You are partially covered in molten scales (AC +1). [evolution]
 31643 | Vaults:1 | Received a gift from Okawaru
 31669 | Vaults:1 | Reached skill level 20 in Axes
 32256 | Spider:1 | Entered Level 1 of the Spider Nest
 32511 | Spider:1 | Reached XP level 19. HP: 172/174 MP: 17/21
 32759 | Spider:1 | Reached skill level 10 in Maces & Flails
 34030 | Spider:3 | Noticed Jorgrun
 34043 | Spider:3 | Killed Jorgrun
 34604 | Spider:3 | Received a gift from Okawaru
 35170 | Spider:4 | Entered Level 4 of the Spider Nest
 35170 | Spider:4 | Noticed Asterion
 35195 | Spider:4 | Killed Asterion
 35951 | Spider:4 | Received a gift from Okawaru
 36398 | Spider:4 | Got a gossamer rune of Zot
 36581 | Spider:4 | Reached skill level 21 in Axes
 36923 | Elf:1    | Entered Level 1 of the Elven Halls
 37167 | Elf:1    | Reached XP level 20. HP: 184/184 MP: 22/22
 38079 | Elf:1    | Received a gift from Okawaru
 38575 | Elf:2    | Lost mutation: You regenerate slowly when monsters are visible. [evolution]
 38614 | Elf:2    | Found a magical portal.
 38663 | WizLab   | Entered Zonguldrok's Shrine
 38994 | WizLab   | Noticed an antique lich
 39008 | WizLab   | Killed an antique lich
 39023 | WizLab   | Identified the Collected Works on Transformation
 39453 | Elf:2    | Received a gift from Okawaru
 39962 | Elf:2    | Found a runed door.
 39971 | Elf:2    | Found a runed door.
 39990 | Elf:2    | Reached skill level 22 in Axes
 40457 | Elf:2    | Reached XP level 21. HP: 183/193 MP: 23/23
 40732 | Elf:3    | Entered Level 3 of the Elven Halls
 41527 | Elf:3    | Received a gift from Okawaru
 41567 | Elf:3    | Noticed a Tzitzimitl
 41938 | Elf:3    | Identified the Compendium of Fetching Flight
 42017 | Elf:3    | Reached skill level 23 in Axes
 42135 | Elf:3    | Got a slimy platinum ring
 42137 | Elf:3    | Identified the ring "Robe" {*Tele +Fly Stlth+} (You found it on level 3 of the Elven Halls)
 42197 | Elf:3    | Got a faintly glowing ring mail
 42208 | Elf:3    | Identified the +0 ring mail of the Black Moon {rF++ Int+4} (You found it on level 3 of the Elven Halls)
 42318 | Elf:3    | Got a twisted leather armour
 42329 | Elf:3    | Identified the +1 leather armour of Qelas {Str+4} (You found it on level 3 of the Elven Halls)
 42404 | Elf:3    | Got a pitted quick blade
 42405 | Elf:3    | Identified the +4 quick blade of the Bear {elec, Int+2} (You found it on level 3 of the Elven Halls)
 42995 | Vaults:1 | Gained mutation: You are resistant to hostile enchantments. [potion of beneficial mutation]
 43395 | Vaults:1 | Found a portal to a secret trove of treasure.
 43569 | Vaults:2 | Received a gift from Okawaru
 43571 | Vaults:2 | Reached XP level 22. HP: 179/203 MP: 21/24
 44108 | Vaults:2 | Found a staircase to the Crypt.
 44118 | Vaults:2 | Received a gift from Okawaru
 44121 | Vaults:2 | Got a shimmering chain mail {god gift}
 44132 | Vaults:2 | Identified the +1 chain mail of Micus {rElec Str+2 SInv} (Okawaru gifted it to you on level 2 of the Vaults)
 44414 | Vaults:2 | Reached skill level 24 in Axes
 44874 | Vaults:3 | Noticed Donald
 44900 | Vaults:3 | Killed Donald
 45286 | Vaults:3 | Gained mutation: Your body sometimes deteriorates upon taking damage. [a neqoxec]
 46108 | Vaults:3 | Reached skill level 25 in Axes
 46151 | Vaults:3 | Lost mutation: Your body sometimes deteriorates upon taking damage. [evolution]
 46400 | Vaults:4 | Received a gift from Okawaru
 47002 | Vaults:4 | Reached XP level 23. HP: 204/213 MP: 25/25
 47433 | Vaults:4 | Received a gift from Okawaru
 47445 | Vaults:4 | Noticed an ancient lich
 47467 | Vaults:4 | Killed an ancient lich
 47487 | Vaults:4 | Got a fine flail {crush}
 47488 | Vaults:4 | Identified the +7 flail of Action {crush, +Blink rPois MR+} (You took it off an ironbrand convoker on level 4 of the Vaults)
 47618 | Vaults:4 | Noticed a golden dragon
 47631 | Vaults:4 | Killed a golden dragon
 47667 | Vaults:4 | Got a jet-encrusted plate armour
 47678 | Vaults:4 | Identified the +14 plate armour "Feuzxi" {rElec rC+ rN+} (You took it off a vault warden on level 4 of the Vaults)
 48244 | Vaults:4 | Reached skill level 26 in Axes
 48407 | Vaults:4 | Received a gift from Okawaru
 48435 | Vaults:5 | Entered Level 5 of the Vaults
 48435 | Vaults:5 | Noticed a golden dragon
 48467 | Vaults:5 | Killed a golden dragon
 48468 | Vaults:5 | Reached skill level 15 in Maces & Flails
 48468 | Vaults:5 | Received a gift from Okawaru
 48491 | Vaults:5 | Noticed a golden dragon
 48494 | Vaults:5 | Reached XP level 24. HP: 127/224 MP: 19/26
 48499 | Vaults:5 | Received a gift from Okawaru
 49285 | Vaults:5 | Lost mutation: You have a somewhat thin skeletal structure (Dex +2, Stealth). [evolution]
 49360 | Vaults:5 | Received a gift from Okawaru
 49473 | Vaults:5 | Reached skill level 27 in Axes
 49506 | Vaults:5 | Got a scintillating iron ring
 49763 | Vaults:5 | Noticed Mara
 49779 | Vaults:5 | Noticed dvd's illusion
 49799 | Vaults:5 | Killed Mara
 49835 | Vaults:5 | Identified the ring "Riblad" {Fragile +Blink +Inv rN+ SInv} (You took it off a deep elf sorcerer on level 5 of the Vaults)
 50195 | Vaults:5 | Got an iridescent flail {crush}
 50196 | Vaults:5 | Identified the cursed +2 flail of Frustration {crush, Fragile Str+7 Dex+4} (You took it off a deep elf annihilator on level 5 of the Vaults)
 50228 | Vaults:5 | Got a coiled iron ring
 50230 | Vaults:5 | Identified the ring "Xeev" {*Confuse rElec rF+ MR+ EV+2} (You acquired it on level 5 of the Vaults)
 50420 | Vaults:5 | Found Bonwamos's Gadget Shoppe.
 50431 | Vaults:5 | Got a silver rune of Zot
 50923 | Slime:1  | Entered Level 1 of the Pits of Slime
 51579 | Slime:3  | Reached XP level 25. HP: 234/235 MP: 26/26
 51716 | Slime:4  | Received a gift from Okawaru
 51895 | Slime:5  | Gained mutation: You occasionally shout uncontrollably at your foes. [a shining eye]
 51896 | Slime:5  | Lost intelligence.
 51896 | Slime:5  | Gained mutation: You are dopey. (Int -2) [a shining eye]
 51898 | Slime:5  | Gained mutation: You sometimes yell uncontrollably at your foes. [a shining eye]
 51902 | Slime:5  | Gained mutation: You tend to lose your temper in combat. [a shining eye]
 51904 | Slime:5  | Gained mutation: You are weak. (Str -2) [a shining eye]
 51906 | Slime:5  | Slain by a large slime creature

Vault maps used:
D:1:      lightli_arrival_farm
D:2:      ashenzari_conservatory_becter, nicolae_overflow_hidden_temple,
          ecumenical_altar_2, corexii_leaking_fountain, trog_book
D:3:      minmay_misc_feat_nine_boxes
D:4:      corexii_shack_village, xom_confusion_cloud, grunt_pakellas_basics,
          serial_shops, shop, shop_statue, uniq_edmund
D:5:      grunt_qazlal_sundering, kennysheep_mini, first_bread, corner_web_ring,
          uniq_prince_ribbit1
D:6:      kennysheep_little_box, serial_shops, shop
D:7:      kennysheep_slugbush, grunt_temple_overflow_growth_and_decay,
          lemuel_crystal_altar, minmay_temple_entry_statues_pillars,
          kennysheep_cross_room, uniq_pikel
D:8:      hangedman_cross_veins, grunt_temple_overflow_open,
          grunt_temple_overflow_holy_war, minmay_lair_entry_lava, uniq_psyche
D:9:      kennysheep_kobold_camp, hangedman_tell_no_tales
D:10:     uniq_grum
D:11:     serial_shops, bzr_entry_islet, serial_ice, serial_ice_c, serial_ice_a,
          serial_ice_i, serial_ice_b, serial_ice_n, serial_ice_m, serial_ice_f,
          serial_ice_d
D:12:     orc_david_3, uniq_frances, uniq_fannar, uniq_nergalle
D:13:     lightli_vaults_fourway_checkpoint
D:14:     minmay_stone_trees_small, serial_shops, nicolae_shop_behind_doors,
          elyvilon_altar_4
D:15:     grunt_enter_depths_hoard, serial_bayou_ford_a,
          hangedman_decor_slide_cut
Temple:   hc_temple_tempest_star_small
Lair:2:   serial_forest, infiniplex_forest_zigzag_1, infiniplex_forest_lined_2,
          infiniplex_forest_end_1, infiniplex_forest_end_3
Lair:3:   cheibrodos_magma_flow, special_room, minivault_19, minmay_holes,
          minivault_24, columned_hall_lemuel, patterned_corridor
Lair:4:   infiniplex_staircase_pool_2
Lair:5:   nicolae_quartered_pool_medium, st_stairs_9, beast_lair_carwin_2,
          grunt_megastairs_4, infiniplex_staircase_pool
Lair:6:   shoals_dummy_entry, spider_nest_entry_webs,
          nicolae_slime_entry_slimehenge, minmay_lair_drake_nest
Lair:8:   due_jungle_book, serial_bayou_shore_a, grunt_megastairs_5,
          serial_bayou_shore_b
Shoals:1: uniq_nikola
Shoals:2: abandoned_shop, nicolae_shoals_dead_sea_scrolls
Shoals:3: nicolae_shoals_hunting_party, uniq_polyphemus
Shoals:4: shoals_end_hangedman, shoals_ilsuiw_ice
Spider:1: hangedman_spider_tarantella_strand
Spider:2: lemuel_spider_zombies, spider_trap
Spider:3: uniq_jorgrun
Spider:4: grunt_spider_rune_circles, uniq_asterion
Slime:2:  basic_altar
Orc:1:    portal_ice_cave_entry_ice_beasts
Orc:2:    st_orc_elflike, nicolae_volcano_entry_two_sided,
          nicolae_orc_crystal_geode
Elf:1:    elf_arrival_001, hangedman_elf_represent, evilmike_minifort
Elf:2:    mu_enter_wizlab_2, spider_trap
Elf:3:    minmay_elf_hall, einodemon_barbed_minivault
Vaults:1: nicolae_vaults_circle_grid_a, vaults_standard_mumra_x,
          vaults_mumra_bighexcomb, nicolae_vaults_little_squares_2, v_misc_9,
          hangedman_vaults_corner, hangedman_vaults_stitches, v_misc_5,
          ontoclasm_vaults_ring_square, ontoclasm_vaults_loading_screen,
          grunt_vaults_focal, grunt_vaults_twisty, nicolae_vaults_theta,
          ontoclasm_vaults_twist, vaults_dpeg_cross, enter_trove_6
Vaults:2: v_misc_17, v_misc_3, v_misc_15, minmay_crypt_entry_simple_statues,
          grunt_vaults_funnel, grunt_vaults_hallway_short, vaults_mumra_hex,
          vaults_room_pool
Vaults:3: nicolae_vaults_little_squares_6, hangedman_vaults_capsules,
          nicolae_vaults_mini_display_case, v_misc_13, st_octagons_2,
          vaults_room_boxed, hangedman_vaults_slice, v_misc_11,
          vaults_mumra_hexcomb, ontoclasm_vaults_gateway,
          ontoclasm_vaults_shuriken, uniq_donald
Vaults:4: grunt_vaults_hallway_short, nicolae_vaults_little_ls,
          vaults_room_door_ring, vaults_room_corners, st_greater_box_1,
          v_misc_2, nicolae_vaults_what_the_h, nicolae_vaults_circle_grid_b
Vaults:5: serial_shops, uniq_mara
Bazaar:   bazaar_jpeg_ribbon
IceCv:    ice_cave_statue_garden_02
Volcano:  volcano_grotto
WizLab:   wizlab_zonguldrok

Skill      XL: |  1  2  3  4  5  6  7  8  9 10 11 12 13 14 15 16 17 18 19 20 21 22 23 24 25 |
---------------+----------------------------------------------------------------------------+-----
Axes           | 3 4 5 6 7 8 9 11 13 14 15 16 18 20 21 22 23 25 26 27 | 27.0
Fighting       | 4 5 6 7 9 10 11 12 13 14 15 16 17 18 19 20 21 | 21.1
Shields        | 4 5 6 7 8 10 12 13 14 15 16 17 18 19 20 21 | 21.7
Dodging        | 1 2 3 4 6 7 8 |  8.3
Armour         | 4 5 6 7 8 9 10 12 13 14 15 16 17 18 19 20 | 20.0
Invocations    | 1 2 3 4 |  4.8
Maces & Flails | 2 4 7 9 11 12 13 14 15 16 | 16.1
Evocations     | 1 2 |  2.1

Action                   |  1- 3 |  4- 6 |  7- 9 | 10-12 | 13-15 | 16-18 | 19-21 | 22-24 | 25-27 || total
-------------------------+-------+-------+-------+-------+-------+-------+-------+-------+-------++-------
Melee: War axe           |    87 |    85 |   237 |   720 |   294 |       |       |       |       ||  1423
       Flail             |       |       |    26 |    44 |       |       |       |       |       ||    70
       Morningstar       |       |       |       |    17 |   283 |   129 |       |       |       ||   429
       Broad axe         |       |       |       |       |   691 |  1166 |  1467 |  1163 |    50 ||  4537
Invok: Heroism           |     1 |     1 |     1 |    14 |    11 |    12 |    13 |     8 |       ||    61
       Finesse           |       |       |       |       |       |       |       |     4 |       ||     4
Evoke: Wand              |       |       |       |       |    10 |    17 |    18 |       |       ||    45
  Use: Scroll            |       |       |    11 |    11 |    17 |    18 |    10 |     8 |       ||    75
       Potion            |       |       |    17 |     4 |     5 |     4 |     6 |     2 |       ||    38
 Stab: Sleeping          |       |       |       |     1 |       |       |       |       |       ||     1
       Invisible         |       |       |       |     2 |       |     6 |       |       |       ||     8
       Confused          |       |       |       |       |     1 |       |       |       |       ||     1
       Petrified         |       |       |       |       |       |     2 |       |       |       ||     2
       Held in net/web   |       |       |       |       |       |     3 |     1 |       |       ||     4
       Distracted        |       |       |       |       |       |       |     1 |     1 |       ||     2
  Eat: Chunk             |     3 |     3 |    10 |    23 |    30 |    24 |    24 |    18 |       ||   135
       Royal jelly       |       |       |     1 |       |     1 |       |     1 |       |       ||     3
       Pizza             |       |       |       |     3 |     1 |     1 |       |     3 |       ||     8
       Beef jerky        |       |       |       |       |     1 |     4 |     6 |     3 |       ||    14
       Meat ration       |       |       |       |       |       |       |       |       |     1 ||     1
Armor: Scale mail        |    43 |    47 |    12 |       |       |       |       |       |       ||   102
       Leather armour    |       |       |    40 |    11 |       |       |       |       |       ||    51
       Ring mail         |       |       |       |    52 |       |       |       |       |       ||    52
       Crystal plate arm |       |       |       |   210 |   758 |   667 |   531 |    25 |       ||  2191
       Chain mail        |       |       |       |       |       |       |       |   134 |       ||   134
       Plate armour      |       |       |       |       |       |       |       |   141 |    29 ||   170
Dodge: Dodged            |    30 |    29 |   117 |   193 |   282 |   334 |   243 |   275 |    23 ||  1526
Block: Shield            |    52 |    46 |   125 |   456 |  1274 |  1454 |  1394 |   248 |       ||  5049
       Reflection        |       |       |       |     4 |    16 |   108 |    77 |       |       ||   205
       Large shield      |       |       |       |       |       |       |       |   922 |    65 ||   987
